 Dungeon Crawl Stone Soup version 0.32-a0-666-ge8a88695a4 (webtiles) character file.

Game seed: 1355753605580952261

18 Esekla the Sneak (level 2, 16/16 HPs)
             Began as a Vine Stalker Delver on Mar 9, 2024.
             Quit the game on level 5 of the Dungeon.
             The game lasted 00:01:40 (92 turns).

Esekla the Sneak (Vine Stalker Delver)                Turns: 92, Time: 00:01:40

Health: 16/16      AC:  3    Str: 14    XL:     2   Next: 70%
Magic:  3/4        EV: 11    Int: 10    God:
Gold:   15         SH:  0    Dex: 15    Spells: 2/2 levels left

rFire   . . .        a - +0 hand axe
rCold   . . .        (no shield)
rNeg    . . .        b - +0 leather armour
rPois   .            (no helmet)
rElec   .            (no cloak)
rCorr   .            (no gloves)
SInv    .            (no boots)
Will    .....        (no amulet)
Stlth   +++          (no ring)
HPRegen 1.02/turn    (no ring)
MPRegen 0.09/turn

%: guardian spirit
@: no status effects
A: fangs 2, regeneration 1, magic shield, antimagic bite, no potion heal 2
a: no special abilities


You were on level 5 of the Dungeon.
You visited 1 branch of the dungeon, and saw 1 of its levels.

You collected 15 gold pieces.

Inventory:

Hand Weapons
 a - a +0 hand axe (weapon)
Armour
 b - a +0 leather armour (worn)
Wands
 g - a wand of digging (3)
Scrolls
 e - a scroll of fear
Potions
 c - a potion of lignification {unknown}
 f - a potion of haste


   Skills:
 * Level 2.9 Fighting
 + Level 1.8 Axes
 + Level 1.6 Dodging
 + Level 6.5 Stealth
 * Level 0.7 Spellcasting


You had 2 spell levels left.
You didn't know any spells.
Your spell library was empty.

Dungeon Overview and Level Annotations

Branches:
Dungeon (5/15)
 Temple: D:4-7

Altars:
Cheibriados
Sif Muna
Wu Jian
The Shining One


Innate Abilities, Weirdness & Mutations

You have extremely sharp teeth.
Your natural rate of healing is unusually fast.
When hurt, damage is shared between your health and your magic reserves.
Your bite disrupts and absorbs the magic of your enemies.
Potions cannot restore your health.


Message History

You hit the adder.
You kill the adder!
You have reached level 2!
Found a stone staircase leading down.
Found a stone staircase leading down.
A hound comes into view.
Found a fuming green potion.
A hound comes into view.
Found an ornate altar of the Wu Jian Council.
Found two altars.
c - a fuming green potion
There is a stone staircase leading down here.
An adder comes into view.
The adder hisses angrily.
You closely miss the adder. The adder misses you.
You barely miss the adder. The adder bites you.
You are poisoned.
The adder poisons you! The adder bites you but does no damage.
You hit the adder. Your bite misses the adder.
The adder is severely wounded.
You feel sick. The adder misses you.
You barely miss the adder.
The adder is severely wounded.
You feel sick. The adder bites you. x2
You miss the adder. Your bite misses the adder.
The adder is severely wounded.
You feel sick. The adder misses you. The adder barely misses you.
You closely miss the adder.
The adder is severely wounded.
You feel sick.
You are no longer poisoned.
The adder bites you but does no damage.
You miss the adder.
The adder is severely wounded.
The adder barely misses you. x2
You hit the adder.
You kill the adder!
Found a snail-covered altar of Cheibriados.
You now have 15 gold pieces.
Are you sure you want to abandon this character and quit the game? (Confirm with "yes".)

**,,,,,,,*,*****
*,,,...........## ****
**,.............* ***,,***
**#...._......## *,,,,,,,
#........#...# **,,,,,,,
#.#.........### *,,,,,,,,
##.............##**,,,,,,*
#...............#.......**
#........@.............#**
###.....................##.
#..................§§.....,
*#................§§§§...#,
###........<..#..§§§§...#.
#............#...§§§.....
##....†..........##§......
**#..........##...###.......
**.................###....#*,


There were no monsters in sight!

Vanquished Creatures
  2 adders (D:5)
2 creatures vanquished.

Notes
Turn   | Place    | Note
-------+----------+-------------------------------------------
     0 | D:5      | Esekla the Vine Stalker Delver began the quest for the Orb.
     0 | D:5      | Reached XP level 1. HP: 11/11 MP: 2/2
    19 | D:5      | Reached XP level 2. HP: 15/16 MP: 1/3
    40 | D:5      | Found an ornate altar of the Wu Jian Council.
    41 | D:5      | Found a glowing golden altar of the Shining One.
    41 | D:5      | Found a shimmering blue altar of Sif Muna.
    88 | D:5      | Found a snail-covered altar of Cheibriados.
    92 | D:5      | Quit the game

Illustrated notes

Levels and vault maps discovered:
D:5:      wad_crossroads, layout_cave_pools, nemelex_spade_bored_becter,
          cheibriados_altar_1, chequers_temple_overflow_statue_of_worship

Action                     || total
---------------------------++-------
  Melee: Hand axe          ||    15
    Use: Scroll            ||     2
 Armour: Leather armour    ||    11
  Dodge: Dodged            ||     9

Table legend: (Time is in decaauts)
 A = Elapsed time spent in this place.
 B = Non-inter-level travel time spent in this place.
 C = Inter-level travel time spent in this place.
 D = Time resting spent in this place.
 E = Time spent auto-exploring this place.
 F = Levels seen in this place.
 G = Mean time per level.
                   A        B        C        D        E       F      G
               +--------+--------+--------+--------+--------+-----+--------+
         Total |     95 |     95 |      0 |      0 |      0 |   1 |   95.0 |
       Dungeon |     95 |     95 |      0 |      0 |      0 |   1 |   95.0 |
               +--------+--------+--------+--------+--------+-----+--------+

Top non-repeatable levels by time:
     D:5: 95 daAuts
